 Dungeon Crawl Stone Soup version 0.27-a0-1319-geec4fb4e21 (webtiles) character file.

Game seed: 3716065135573898804

70 lessens the Sneak (level 4, -1/34 HPs)
             Began as a Vampire Delver on June 21, 2021.
             Succumbed to a scorpion's poison
             ... on level 3 of the Dungeon.
             The game lasted 00:02:15 (552 turns).

lessens the Sneak (Vampire Delver)                   Turns: 552, Time: 00:02:16

Health: -1/34      AC:  3    Str: 12    XL:     4   Next: 4%
Magic:  4/4        EV: 12    Int: 12    God:
Gold:   0          SH:  0    Dex: 15    Spells: 3/3 levels left

rFire    . . .     SeeInvis +   a - +0 short sword
rCold    . . .     Faith    .   (no shield)
rNeg     . . .     Spirit   .   b - +0 leather armour
rPois    .         Reflect  .   (no helmet)
rElec    .         Harm     .   (no cloak)
rCorr    .         Rampage  .   (no gloves)
Will     .....                  (no boots)
Stlth    +++.......             (no amulet)
HPRegen  0.31/turn              (no ring)
MPRegen  0.09/turn              (no ring)

@: lethally poisoned (-1 -> -13), healing quickly
A: alive, fangs 3, see invisible, vampiric 2
a: Exsanguinate


You were on level 3 of the Dungeon.
You visited 1 branch of the dungeon, and saw 4 of its levels.

Inventory:

Hand Weapons
 a - a +0 short sword (weapon)
Armour
 b - a +0 leather armour (worn)
Wands
 g - a wand of digging (3)
Scrolls
 c - 2 scrolls of fog
 d - a scroll of magic mapping
 e - a scroll of fear
Potions
 f - 2 potions of haste


   Skills:
 - Level 2.6 Fighting
 + Level 4.8 Short Blades
 - Level 2.1 Dodging
 - Level 7.2 Stealth


You had 3 spell levels left.
You didn't know any spells.
Your spell library was empty.

Dungeon Overview and Level Annotations

Branches:
Dungeon (5/15)
 Temple: D:4-7

Altars:
Ru


Innate Abilities, Weirdness & Mutations

Your natural rate of healing is accelerated.
You have razor-sharp teeth.
You have supernaturally acute eyesight. (SInv)
You are afflicted with vampirism and can become a bat while bloodless.


Message History

You see here 14 gold pieces.
The scorpion stings you. The scorpion stings you.
There is a stone staircase leading down, spattered with blood here.
The scorpion closely misses you.
You climb downwards.
A quokka comes into view.
Found a metal-bound book.
Found a stone staircase leading down.
There is a stone staircase leading up here.
There is a stone staircase leading down here.
The scorpion closely misses you. The scorpion stings you.
The scorpion completely misses you. 3 jackals come into view.
The jackal barks!
A hobgoblin comes into view.
A jackal comes into view.
The scorpion stings you. The scorpion barely misses you.
The scorpion stings you but does no damage.
The scorpion closely misses you. The scorpion stings you.
The scorpion barely misses you. The scorpion barely misses you.
The scorpion barely misses you. The scorpion closely misses you.
The scorpion stings you.
You are poisoned.
The scorpion poisons you!
You feel very sick.
You feel very sick.
You feel sick.
You feel sick.
You feel sick. The scorpion stings you.
* * * LOW HITPOINT WARNING * * *
You are lethally poisoned!
The scorpion poisons you!
* * * LOW HITPOINT WARNING * * *
You feel very sick.
You die...

. #.# # #.##.#
#.#.###.##.#
.#........#
#.......#### #
######### # # #
...########## #
.......@.s.h#
####################.#
.........hh...# #.#
#############.# #h# #
#h# #h# # ### #.# #.#
.....#.# #.#
.....#.######.#
............##.#


You could see a scorpion and a jackal.

Vanquished Creatures
  A bullfrog skeleton (D:5)
  2 hound skeletons (D:5)
  An adder skeleton (D:4)
  An endoplasm (D:4)
  A giant cockroach (D:3)
  A goblin (D:3)
  A hobgoblin (D:4)
  4 jackals (D:5)
  A rat (D:3)
13 creatures vanquished.

Notes
Turn   | Place    | Note
-------+----------+-------------------------------------------
     0 | D:5      | lessens the Vampire Delver began the quest for the Orb.
     0 | D:5      | Reached XP level 1. HP: 17/17 MP: 1/1
    14 | D:5      | Noticed an iguana
    52 | D:5      | Reached XP level 2. HP: 17/23 MP: 2/2
    98 | D:5      | Gained mutation: You are afflicted with vampirism and can
                  | become a bat while bloodless. [Vampire growth]
    98 | D:5      | Reached XP level 3. HP: 22/28 MP: 3/3
   281 | D:5      | Found a sacrificial altar of Ru.
   364 | D:3      | Reached XP level 4. HP: 33/34 MP: 4/4
   402 | D:3      | Noticed a scorpion
   551 | D:3      | HP: 1/34 [poisoned by a scorpion]
   552 | D:3      | Succumbed to a scorpion's poison

Illustrated notes

Levels and vault maps discovered:
D:2:      layout_basic, hellmonk_ecumenical_altar_run_dry, minmay_tripent
D:3:      layout_basic, kiku_gazebo_pond_becter, serial_shops, shop
D:4:      layout_cave_pools, kennysheep_mini, worldfamousw_hep_ancestral_shrine,
          nicolae_uskayaw_murder_on_the_dancefloor, serial_column_ruins,
          column_ruins_grid_1, column_ruins_open_medium,
          column_ruins_corridor_T, column_ruins_grid_1, minmay_misc_feat_room,
          roderic_lattice_a
D:5:      layout_loops_cross, lemuel_coloured_pillars_altar, old_standard_altar,
          general_overflow_altar, minmay_temple_entry_antechambers,
          serial_shops, nicolae_square_shop, amcnicky_mini_pool_small,
          amcnicky_altar_lugonu_corruption

Skill      XL: |  1  2  3 |
---------------+----------+-----
Short Blades   | 3 4 |  4.8
Fighting       | |  2.6
Dodging        | |  2.1
Stealth        | |  7.2

Action                   |  1- 3 |  4- 6 || total
-------------------------+-------+-------++-------
Melee: Short sword       |    54 |     2 ||    56
       Bite              |     7 |       ||     7
 Stab: Sleeping          |     5 |     1 ||     6
Armor: Leather armour    |    12 |     5 ||    17
Dodge: Dodged            |    36 |    19 ||    55

Table legend: (Time is in decaauts)
 A = Elapsed time spent in this place.
 B = Non-inter-level travel time spent in this place.
 C = Inter-level travel time spent in this place.
 D = Time resting spent in this place.
 E = Time spent auto-exploring this place.
 F = Levels seen in this place.
 G = Mean time per level.
                   A        B        C        D        E       F      G
               +--------+--------+--------+--------+--------+-----+--------+
         Total |    546 |    519 |     27 |    137 |      0 |   4 |  136.5 |
       Dungeon |    546 |    519 |     27 |    137 |      0 |   4 |  136.5 |
               +--------+--------+--------+--------+--------+-----+--------+

Top non-repeatable levels by time:
     D:5: 315 daAuts
     D:3: 162 daAuts
     D:4: 36 daAuts
     D:2: 32 daAuts
